Map: Triton LE

Players

NIKI

  • Race: Protoss Protoss
  • League: Diamond
  • Spawn Location: 5:00

Gilrak - Winner!

  • Race: Zerg Zerg
  • League: Diamond
  • Spawn Location: 11:00

VOD

Have the link to the VOD?

Description

Time

  • Played on: Nov. 22, 2019, 11:01 a.m.
  • Length: 4:35
Show
View Real Time Build Order
Export as new Build Order

NIKI Protoss 

Build Orders:  

Get SALT Encoding   

  12  0:03  Probe  
  13  0:16  Probe  
  14  0:30  Probe  
  14  0:33  Pylon  
  15  0:51  Probe, Gateway  
  15  0:55  Forge  
  16  1:03  Probe  
  17  1:15  Probe  
  18  1:25  Pylon  
  18  1:27  Probe  
  18  1:29  Photon Cannon  
  19  1:39  Probe, Zealot  
  22  1:42  Photon Cannon  
  22  1:51  Assimilator  
  22  1:55  Assimilator  
  22  2:05  Cybernetics Core  
  22  2:13  Probe  
  23  2:22  Pylon  
  23  2:25  Probe  
  23  2:39  Warp Gate (Chrono Boost)  
  23  2:44  Probe  
  23  2:46  Zealot  
  23  2:50  Gateway  
  26  2:57  Gateway  
  26  3:07  Gateway  
  26  3:11  Probe  
  27  3:20  Pylon  
  27  3:30  Zealot (Chrono Boost)  
  27  3:34  Pylon  
  29  3:46  Zealot x2 (Chrono Boost)  
  33  3:54  Twilight Council  
  33  4:07  Zealot  
Show
View Real Time Build Order
Export as new Build Order

Gilrak Zerg - Winner!

Build Orders: Pool Only 

Get SALT Encoding   

  12  0:01  Drone  
  13  0:14  Drone  
  13  0:17  Extractor  
  13  0:18  Drone  
  13  0:20  Extractor  
  13  0:22  Drone  
  15  0:39  Spawning Pool  
  14  0:46  Overlord  
  14  1:05  Drone  
  15  1:25  Queen  
  15  1:27  Zergling x2  
  15  1:29  Zergling x2  
  15  1:30  Zergling x2  
  20  1:43  Zergling x2  
  21  1:52  Zergling x2  
  22  1:57  Metabolic Boost  
  22  2:03  Overlord  
  22  2:06  Lair  
  23  2:22  Zergling x2  
  23  2:23  Zergling x2  
  24  2:35  Zergling x8  
  28  2:49  Zergling x2  
  29  2:59  Overlord  
  29  3:06  Nydus Network  
  29  3:08  Queen  
  30  3:17  Zergling x4  
  30  3:18  Zergling x2  
  33  3:37  Zergling x2  
  33  3:38  Zergling x2  
  35  3:42  Zergling x6  
  35  3:46  Nydus Canal  
Tags
 
Matchup
PvZ
Opening
Pool Only
Spawn Locations
Cross Positions
Add a new tag
Caveats
  • Supply blocks, unpowered buildings, or Contaminate may cause inaccurate times.
  • Supply counts are checked every 10 seconds.